 Dungeon Crawl Stone Soup version 0.30-a0-728-gc68057be0a (webtiles) character file.

Game seed: 9214029393868784574

3056 browni3141 the Cleaver (level 9, 0/72 HPs)
             Began as a Hill Orc Fighter on Jan 31, 2023.
             Was a Follower of Beogh.
             Slain by an unseen horror (1 damage)
             ... on level 6 of the Dungeon.
             The game lasted 00:10:11 (7300 turns).

browni3141 the Cleaver (Hill Orc Fighter)           Turns: 7300, Time: 00:10:11

Health: 0/72       AC: 17    Str: 23    XL:     9   Next: 87%
Magic:  16/16      EV:  7    Int:  3    God:    Beogh [*.....]
Gold:   113        SH:  4    Dex: 10    Spells: 8/8 levels left

rFire   . . .      SeeInvis .    a - +0 war axe
rCold   . . .      Faith    .    c - +0 buckler
rNeg    . . .      Spirit   .    I - +0 chain mail
rPois   .          Reflect  .    s - +0 helmet of the Sandy Stallion {Fly rElec Will+ Int-5}
rElec   +          Harm     .    p - +1 cloak {Will+}
rCorr   .          Rampage  .    B - +0 pair of gloves
Will    ++...                    j - +2 pair of boots Stlth
                                 (no amulet)
HPRegen 0.32/turn                (no ring)
MPRegen 0.15/turn                (no ring)

@: flying, studying Translocations, invisible
A: no striking features
a: Renounce Religion


You were on level 6 of the Dungeon.
You worshipped Beogh.
Beogh was aware of your devotion.
You visited 1 branch of the dungeon, and saw 8 of its levels.

You collected 401 gold pieces.
You spent 288 gold pieces at shops.

Inventory:

Hand Weapons
 a - a +0 war axe (weapon)
Missiles
 l - 11 javelins
 y - 3 poisoned darts (quivered)
Armour
 b - a +0 scale mail
 c - a +0 buckler (worn)
 e - a +0 plate armour
 g - a +0 cloak
 j - a +2 pair of boots (worn)
 n - a +0 cloak
 p - a +1 cloak of willpower (worn)
 s - the +0 helmet of the Sandy Stallion (worn) {Fly rElec Will+ Int-5}
   (You acquired it on level 3 of the Dungeon)

   Int:       It affects your intelligence (-5).
   rElec:     It insulates you from electricity.
   Fly:       It grants you flight.
   Will:      It increases your willpower.
 B - a +0 pair of gloves (worn)
 I - a +0 chain mail (worn)
Jewellery
 q - a ring of ice
 E - a ring of magical power
Scrolls
 f - 2 scrolls of vulnerability
 r - 2 scrolls of amnesia
 w - 2 scrolls of magic mapping
 A - a scroll of enchant weapon
 D - 4 scrolls of identify
 F - a scroll of immolation {unknown}
 H - 2 scrolls of enchant armour {unknown}
 K - a scroll of fog {unknown}
Potions
 d - 3 potions of might
 h - 2 potions of degeneration
 i - 3 potions of invisibility
 k - a potion of magic
 m - a potion of flight
 o - a potion of mutation {unknown}
 t - 3 potions of lignification
 u - a potion of haste {unknown}
 v - a potion of cancellation {unknown}
 C - 2 potions of ambrosia {unknown}
 J - 2 potions of attraction {unknown}


   Skills:
 + Level 4.3 Fighting
 * Level 10.6 Axes
 - Level 5.0 Throwing
 * Level 4.5 Armour
 * Level 4.6 Shields
 * Level 9.7 Invocations
 * Level 2.5 Evocations


You had 8 spell levels left.
You didn't know any spells.
Your spell library contained the following spells:

 Spells                   Type           Power      Damage    Failure   Level
 Lesser Beckoning         Tloc           0%         N/A       100%        2
 Scorch                   Fire           0%         2d5       100%        2
 Gell's Gravitas          Tloc           0%         N/A       100%        3
 Teleport Other           Tloc           0%         N/A       100%        3
 Flame Wave               Conj/Fire      0%         2d4       100%        4
 Summon Cactus Giant      Summ           0%         N/A       100%        6


Dungeon Overview and Level Annotations

Branches:
Dungeon (8/15)             Temple (0/1) D:5
   Lair: D:8-11

Altars:
Dithmenos
Makhleb
Nemelex Xobeh
Qazlal
Ru
Sif Muna

Shops:
D:1 *   D:3 *!   D:5 [   D:6 :   D:7 [


Message History

Something hits you.
You closely miss something. Something hits you but does no damage.
You swing at nothing.
Something hits you. x2
You hit something. Something hits you but does no damage.
You swing at nothing.
Something hits you but does no damage.
You miss something. Something hits you!
You barely miss something. Something hits you but does no damage.
You swing at nothing.
Something hits you but does no damage.
You swing at nothing.
Something hits you.
You swing at nothing.
You block something's attack.
You swing at nothing.
Something hits you but does no damage. Something hits you!
You barely miss something. Something hits you but does no damage.
You swing at nothing.
Something hits you but does no damage.
You swing at nothing.
Something hits you but does no damage.
You hit something but do no damage. Something hits you.
You swing at nothing.
Something hits you but does no damage.
You swing at nothing.
You hit something.
Something hits you but does no damage. x2
You swing at nothing.
Something hits you but does no damage.
You miss something. Something hits you!
* * * LOW HITPOINT WARNING * * *
Something hits you but does no damage.
You miss something.
Something hits you but does no damage. x3
You closely miss something. Something hits you but does no damage.
You swing at nothing.
Something hits you but does no damage.
You swing at nothing.
You barely miss something. Something hits you but does no damage.
You swing at nothing.
Something hits you but does no damage. Something hits you!
* * * LOW HITPOINT WARNING * * *
You miss something. Something hits you.
* * * LOW HITPOINT WARNING * * *
Something hits you.
* * * LOW HITPOINT WARNING * * *
You fade into invisibility!
Something hits you.
* * * LOW HITPOINT WARNING * * *
Something hits you.
You die...

####### ##.##..##
#.#..##.# #.#.###?#
##..##### #.##@#.##
#)###.#[# #####.###
#.....#
#.##################
#...................
##########..........
#..........
#..........


There were no monsters in sight!

Vanquished Creatures
  A deep elf pyromancer (D:7)
  An unseen horror (D:6)
  A shadow (D:6)
  A wraith (D:7)
  An ice beast (D:7)
  An orc warrior (D:7)
  An ogre (D:7)
  2 phantoms
  A kobold brigand (D:7)
  A gnoll sergeant (D:8)
  2 bullfrogs
  4 scorpions
  3 wights (D:8)
  3 jellies
  3 orc priests
  8 hounds
  A gnoll bouda (D:7)
  4 iguanas
  4 orc wizards
  11 gnolls
  5 adders
  A white imp (D:7)
  An ufetubus (D:6)
  A worm (D:3)
  2 dart slugs (D:1)
  18 orcs
  7 ball pythons
  10 bats
  3 endoplasms
  5 giant cockroaches
  5 hobgoblins
  5 quokkas
  4 frilled lizards
  5 goblins
  10 kobolds
  4 rats
140 creatures vanquished.

Vanquished Creatures (collateral kills)
  A wight (D:8)
1 creature vanquished.

Vanquished Creatures (others)
  2 wights
  4 killer bees (D:8)
  A gnoll (D:7)
  2 orcs
9 creatures vanquished.

Grand Total: 150 creatures vanquished

Notes
Turn   | Place    | Note
-------+----------+-------------------------------------------
     0 | D:1      | browni3141 the Hill Orc Fighter began the quest for the
                  | Orb.
     0 | D:1      | Reached XP level 1. HP: 19/19 MP: 1/1
    44 | D:1      | Reached skill level 3 in Axes
    88 | D:1      | Reached XP level 2. HP: 26/26 MP: 2/2
   156 | D:1      | Reached skill level 4 in Axes
   313 | D:1      | Found Surotuf's Assorted Antiques.
   482 | D:1      | Reached XP level 3. HP: 31/31 MP: 3/3
   765 | D:2      | Reached skill level 5 in Axes
  1601 | D:3      | Found Ybugua's General Store.
  1610 | D:3      | Bought a scroll of teleportation for 33 gold pieces
  1610 | D:3      | Identified a scroll of acquirement
  1613 | D:3      | Acquired the +0 helmet of the Sandy Stallion {Fly rElec
                  | Will+ Int-5}
  1725 | D:3      | Reached XP level 4. HP: 39/39 MP: 4/4
  1732 | D:3      | Found Nareusch's Distillery.
  1738 | D:3      | Bought a potion of lignification for 39 gold pieces
  2222 | D:3      | Found a shimmering blue altar of Sif Muna.
  2395 | D:4      | Reached skill level 6 in Axes
  2395 | D:4      | Reached skill level 1 in Throwing
  2415 | D:4      | Reached XP level 5. HP: 45/45 MP: 5/5
  2657 | D:4      | Found a burning altar of Makhleb.
  2945 | D:4      | Reached XP level 6. HP: 51/51 MP: 6/6
  3011 | D:5      | Entered Level 5 of the Dungeon
  3322 | D:5      | Found Buodemext's Armour Boutique.
  3582 | D:5      | Reached skill level 5 in Throwing
  3582 | D:5      | Reached XP level 7. HP: 55/57 MP: 7/7
  3623 | D:5      | Became a worshipper of Beogh the Brigand
  3657 | D:5      | Found a staircase to the Ecumenical Temple.
  3700 | D:5      | Reached skill level 1 in Invocations
  4048 | D:5      | Found a shadowy altar of Dithmenos.
  4049 | D:5      | Found a sparkling altar of Nemelex Xobeh.
  4150 | D:6      | Reached skill level 7 in Axes
  4371 | D:6      | Reached XP level 8. HP: 64/64 MP: 11/11
  4375 | D:6      | Reached skill level 8 in Axes
  4384 | D:6      | Reached skill level 5 in Invocations
  4400 | D:6      | Found Gooshri's Vocational Training.
  4425 | D:6      | Found a stormy altar of Qazlal.
  4824 | D:6      | Found a sacrificial altar of Ru.
  4895 | D:6      | Noticed a shadow
  5326 | D:7      | Reached * piety under Beogh
  5327 | D:7      | Reached skill level 9 in Axes
  5398 | D:7      | Noticed a deep elf pyromancer
  5409 | D:7      | Killed a deep elf pyromancer
  5410 | D:7      | Reached skill level 10 in Axes
  5410 | D:7      | Reached XP level 9. HP: 14/70 MP: 12/15
  5721 | D:7      | HP: 3/71 [something (11)]
  5972 | D:7      | Reached skill level 1 in Evocations
  6555 | D:8      | Noticed a two-headed ogre
  6658 | D:7      | Found Vusif's Antique Armour Shoppe.
  6673 | D:7      | Bought a cloak for 81 gold pieces
  6673 | D:7      | Bought a runed cloak for 135 gold pieces
  7043 | D:6      | Killed an unseen horror
  7299 | D:6      | HP: 3/72 [something (5)]
  7300 | D:6      | HP: 1/72 [something (3)]
  7300 | D:6      | Slain by an unseen horror

Illustrated notes

Levels and vault maps discovered:
D:1:      nzn_arrival_crosshair, layout_loops_cross, serial_shops, shop
D:2:      layout_loops_ring
D:3:      layout_basic, general_overflow_altar, serial_shops, shop,
          nicolae_shop_stone
D:4:      layout_loops_cross, marbit_many_paths
D:5:      layout_basic, gammafunk_temple_overflow_statue,
          minmay_temple_entry_junction_2, serial_shops, nicolae_shop_crystal,
          due_unseen_surprise
D:6:      minmay_cornered_nines, layout_rooms, mainiacjoe_overflow_alcove_2,
          mainiacjoe_overflow_catwalk, nicolae_shop_vocational
D:7:      kb_forest_paths, layout_basic, serial_shops,
          nicolae_shop_window_shopping, grunt_ministairs_15, kb_rosetta
D:8:      layout_loops_ring

Skill      XL: |  1  2  3  4  5  6  7  8  9 |
---------------+----------------------------+-----
Axes           | 3 4 5 6 7 10 | 10.6
Throwing       | 2 3 5 |  5.0
Invocations    | 4 8 9 |  9.7
Evocations     | 2 |  2.5
Fighting       | 4 |  4.3
Shields        | 4 |  4.6
Armour         | 4 |  4.5

Action                     |  1- 3 |  4- 6 |  7- 9 || total
---------------------------+-------+-------+-------++-------
  Melee: War axe           |   120 |   116 |   323 ||   559
 Invoke: Convert to Beogh  |       |       |     1 ||     1
  Evoke: Wand              |       |       |    22 ||    22
    Use: Scroll            |     7 |     4 |     3 ||    14
         Potion            |       |       |     4 ||     4
 Armour: Scale mail        |    72 |    58 |    12 ||   142
         Chain mail        |       |       |   263 ||   263
  Dodge: Dodged            |    69 |    57 |    96 ||   222
  Block: Buckler           |    33 |    24 |    66 ||   123

Table legend: (Time is in decaauts)
 A = Elapsed time spent in this place.
 B = Non-inter-level travel time spent in this place.
 C = Inter-level travel time spent in this place.
 D = Time resting spent in this place.
 E = Time spent auto-exploring this place.
 F = Levels seen in this place.
 G = Mean time per level.
                   A        B        C        D        E       F      G
               +--------+--------+--------+--------+--------+-----+--------+
         Total |   7410 |   7242 |    168 |   1302 |   4427 |   8 |  926.2 |
       Dungeon |   7410 |   7242 |    168 |   1302 |   4427 |   8 |  926.2 |
               +--------+--------+--------+--------+--------+-----+--------+

Top non-repeatable levels by time:
     D:6: 1662 daAuts
     D:5: 1138 daAuts
     D:3: 1000 daAuts
     D:7: 882 daAuts
     D:1: 689 daAuts
     D:2: 688 daAuts
     D:4: 683 daAuts
     D:8: 664 daAuts
